 Dungeon Crawl Stone Soup version 0.22-a0-142-g91cc6d7 (webtiles) character file.

183913 SnubMonkey the Fencer (level 17, -12/154 HPs)
             Began as a Demonspawn Berserker on Feb 4, 2018.
             Was the Champion of Trog.
             Blown up by an orb spider (44 damage)
             ... with an orb of destruction
             ... on level 4 of the Spider Nest on Feb 5, 2018.
             The game lasted 01:53:25 (40204 turns).

SnubMonkey the Fencer (Demonspawn Berserker)       Turns: 40204, Time: 01:53:26

Health: -12/154    AC: 22    Str: 22    XL:     17   Next: 76%
Magic:  15/15      EV: 18    Int:  8    God:    Trog [******]
Gold:   1655       SH:  0    Dex: 19    Spells: 16/16 levels left

rFire    + + .     SeeInvis .   a - +7 great sword of the Owl {flame, +Inv rN+ Dex+3}
rCold    + + .     Gourm    +   (shield currently unavailable)
rNeg     + . .     Faith    .   l - +0 ice dragon scales
rPois    +         Spirit   .   x - +2 hat
rElec    +         Reflect  .   d - scarf {rC+ rF+}
rCorr    .         Harm     .   M - +0 pair of gloves {archery}
MR       ++...                  (boots unavailable)
Stlth    ..........             g - amulet of the gourmand
HPRegen  0.35/turn              v - +5 ring of protection
MPRegen  0.14/turn              o - ring of Biucvec {Fire rElec rPois MR+}

@: corroded, sanguine armour, berserk cooldown, slowed, very slow
A: talons 3, fire resistance 1, low mp 1, powered by pain 1, robust 1, spiny 3,
sanguine armour 3
a: Berserk, Trog's Hand, Brothers in Arms, Burn Spellbooks, Renounce Religion,
Evoke Invisibility


You were on level 4 of the Spider Nest.
You worshipped Trog.
Trog was exalted by your worship.
You were very full.

You visited 5 branches of the dungeon, and saw 30 of its levels.
You visited the Abyss 1 time.
You visited 1 bazaar.
You also visited: Labyrinth.

You collected 2914 gold pieces.
You spent 1259 gold pieces at shops.

Inventory:

Hand Weapons
 a - the +7 great sword of the Owl (weapon) {flame, +Inv rN+ Dex+3}
   (Trog gifted it to you on level 14 of the Dungeon)

   It has been specially enchanted to burn those struck by it, causing extra
   injury to most foes and up to half again as much damage against particularly
   susceptible opponents.
   Big, fiery blades are also staple armaments of hydra-hunters.
   It affects your dexterity (+3).
   It protects you from negative energy.
   It lets you turn invisible.
 b - a +8 antimagic great sword
 c - a +0 blowgun
 P - a +1 antimagic demon blade
Missiles
 q - 80 poisoned needles
 E - 8 curare-tipped needles
 F - 2 needles of frenzy
 K - a silver javelin (quivered)
 U - 8 needles of sleeping
Armour
 d - a scarf of resistance (worn)
 l - +0 ice dragon scales (worn)
 x - a +2 hat (worn)
 M - a +0 pair of gloves of archery (worn)
 O - a +2 cloak
Jewellery
 g - an amulet of the gourmand (around neck)
 o - the ring of Biucvec (right hand) {Fire rElec rPois MR+}
   (You found it on level 11 of the Dungeon)

   [ring of fire]

   It enhances your fire magic.
   It protects you from fire.
   It makes you vulnerable to cold.
   It insulates you from electricity.
   It protects you from poison.
   It affects your resistance to hostile enchantments.
 s - a +5 amulet of reflection
 v - a +5 ring of protection (left hand)
 Q - an uncursed ring of see invisible
Wands
 w - a wand of digging (11)
 A - a wand of acid (33)
 H - a wand of flame (18)
 L - a wand of disintegration (11)
 N - a wand of paralysis (24)
 V - a wand of iceblast (6)
Scrolls
 e - 13 scrolls of remove curse
 i - 8 scrolls of teleportation
 j - 4 scrolls of fear
 k - 2 scrolls of identify
 p - a scroll of enchant armour
 t - 4 scrolls of blinking
 y - 3 scrolls of enchant weapon
 C - a scroll of fog
 D - a scroll of brand weapon
 I - 3 scrolls of magic mapping
 S - a scroll of summoning
Potions
 h - 5 potions of agility
 m - 13 potions of curing
 n - 3 potions of ambrosia
 r - 3 potions of might
 u - 6 potions of flight
 z - 4 potions of heal wounds
 B - a potion of lignification
 G - 2 potions of invisibility
 J - 4 potions of brilliance
 T - a potion of berserk rage
Books
 R - a book of Power

   Spells                             Type                      Level
   a - Iskenderun's Battlesphere      Conjuration/Charms           5
   b - Venom Bolt                     Conjuration/Poison           5
   c - Bolt of Magma                  Conjuration/Fire/Earth       5
   d - Iron Shot                      Conjuration/Earth            6
   e - Orb of Destruction             Conjuration                  7
   f - Spellforged Servitor           Conjuration/Summoning        7
   Trog disapproves of the use of such an item.
Comestibles
 f - 46 rations


   Skills:
 + Level 14.4 Fighting
 * Level 20.6 Long Blades
 + Level 12.1 Armour
 + Level 10.8 Dodging


You had 16 spell levels left.
You didn't know any spells.

Dungeon Overview and Level Annotations

Branches:
Dungeon (15/15)            Temple (0/1) D:4            Lair (6/6) D:9
  Swamp (3/4) Lair:3       Spider (4/4) Lair:3        Slime (0/5) Lair:5
    Orc (2/2) D:11            Elf (0/3) Orc:2        Vaults (0/5) D:14
 Depths (0/5) D:15

Altars:
Dithmenos
Hepliaklqana
Ru
Sif Muna
Uskayaw
Beogh

Shops:
D:15 *   Orc:1 [   Orc:2 =([*

Annotations:
D:11 2 runed doors
D:12 !
Lair:6 exclusion: oklob plant
Swamp:3 Jorgrun, Mara
Spider:4 exclusions: 2 doors and 1 more exclusion


Innate Abilities, Weirdness & Mutations

You have claws for feet.
You sometimes gain a little power by taking damage.
You are completely covered in sharp spines.
When seriously injured, your bleeding wounds create very thick armour. (AC +12)
Your flesh is heat resistant. (rF+)
Your magical capacity is low. (-10% MP)
You are robust. (+10% HP)


Message History

The jumping spider bites you but does no damage.
The jumping spider closely misses you. The jumping spider bites you.
* * * LOW HITPOINT WARNING * * *
Your cyclops hits the jumping spider!!
The jumping spider leaps!
The orb spider weaves a glowing orb of energy.
The jumping spider leaps! x2
An orb of destruction comes into view.
The jumping spider leaps!
The orb spider pulsates with a strange energy.
The orb spider weaves a glowing orb of energy.
The orb of destruction hits you!
* * * LOW HITPOINT WARNING * * *
An orb of destruction comes into view.
The jumping spider leaps!
The jumping spider leaps!
Your cyclops hits the orb spider!!!
The orb spider dies!
Trog accepts your kill. The orb of destruction hits you!
You die...

###............^#..
##..............^##^
#########....^.C§.........^.
######.........##...§§...........
.....^.............§...###.......
..................§.#### ##......
......^....#.....§.## ####...
................§.## ##..
#######.........@### ##.
.##.#.##........^#.##############
..........§.................^....
[........##.###....##############
..........###^#...##
..........##.......#
..##.....#........##
^####.............## ##
#........##....#


You could see a friendly cyclops (berserk).

Vanquished Creatures
  The ghost of sankara the Warrior, an adept HOFi of Uskayaw (Swamp:1)
  3 thorn hunters
  Kirke (Lair:5)
  4 ghost moths
  An orc warlord (Orc:2)
  2 very ugly things
  Aizul (Spider:1)
  5 entropy weavers
  6 dire elephants (Lair:6)
  A spark wasp (Spider:4)
  Snorg (D:13)
  A minotaur (Lab)
  Josephine (D:15)
  Fannar (D:11)
  2 ice dragons (D:15)
  Erolcha (D:13)
  Erica (D:8)
  An anaconda (Lair:6)
  21 hydras
  2 centaur warriors
  3 ghost crabs
  6 two-headed ogres
  7 alligators
  3 tengu warriors
  A death knight (D:15)
  5 orc high priests (Orc:2)
  Nergalle (D:11)
  A deep elf knight (D:14)
  4 skeletal warriors (D:14)
  3 unseen horrors
  An obsidian statue (D:9)
  A spriggan druid (Swamp:3)
  The ghost of SpeedyPerson7 the Chopper, a novice DDFi (D:6)
  A wizard (D:11)
  2 shambling mangroves (Swamp:2)
  A wolf spider zombie (D:14)
  7 orc knights
  Pikel (D:5)
  5 deep elf magi
  16 orb spiders
  7 ugly things
  2 centaur zombies
  2 orc sorcerers
  A faun (Lair:5)
  4 manticores
  2 moths of wrath (Spider:3)
  18 wolf spiders
  Maurice (Orc:1)
  2 cyclopes
  15 elephants
  2 black mambas (Lair:5)
  Psyche (D:8)
  8 spiny frogs
  A redback zombie (D:15)
  9 komodo dragons
  4 yaktaurs (D:14)
  2 rime drakes
  An efreet (D:14)
  A yaktaur (shapeshifter) (D:15)
  A freezing wraith (D:11)
  8 demonic crawlers
  3 tengu conjurers
  16 hornets
  14 slime creatures
  24 jumping spiders
  8 trolls
  4 polar bears (Lair:3)
  12 blink frogs
  6 tyrant leeches
  4 bog bodies
  A dream sheep (shapeshifter) (D:15)
  A blink frog (shapeshifter) (D:14)
  10 hippogriffs
  A centaur simulacrum (D:14)
  A meliai zombie (D:12)
  61 redbacks
  2 shadows
  7 spriggans
  27 tarantellas
  4 wraiths
  3 wyverns
  55 yaks
  2 vampires
  4 basilisks
  4 hogs (Lair:5)
  4 hungry ghosts
  A steam dragon (D:13)
  21 vampire mosquitoes
  13 swamp worms
  5 insubstantial wisps (Swamp:1)
  10 wargs
  A soldier ant (D:14)
  5 acid dragons
  14 porcupines
  5 ice beasts
  6 water moccasins
  3 swamp drakes
  9 sky beasts
  33 orc warriors
  3 phantoms
  5 black bears
  A slave (D:5)
  4 boggarts
  36 wolves
  21 centaurs
  10 ogres
  13 crocodiles
  5 big kobolds
  16 bullfrogs
  A wyvern zombie (D:14)
  An earth elemental (Lab)
  4 scorpions
  4 killer bees (D:9)
  9 wights (D:13)
  3 electric eels
  2 howler monkeys
  5 crimson imps
  23 jellies
  8 hounds
  2 quasits
  20 orc priests
  2 bullfrog zombies
  31 orc wizards
  A bullfrog skeleton (D:11)
  3 centaur skeletons
  2 iguanas
  9 worker ants
  2 hound skeletons
  A howler monkey zombie (D:8)
  4 gnolls
  A howler monkey skeleton (D:8)
  5 worker ant zombies
  9 adders
  6 shadow imps
  2 oozes
  3 adder zombies
  3 adder skeletons
  4 worms
  2 dart slugs
  7 leopard geckos
  92 orcs
  4 bats
  2 giant cockroaches
  3 goblins (D:2)
  4 hobgoblins
  11 jackals
  6 quokkas
  A ball python (D:6)
  3 frilled lizards
  15 kobolds
  A quokka zombie (D:2)
  3 rats
  3 plants (Lair:6)
1064 creatures vanquished.

Vanquished Creatures (collateral kills)
  An entropy weaver (Spider:4)
  An orb spider (Spider:4)
2 creatures vanquished.

Vanquished Creatures (others)
  A hydra (D:13)
  A human (Lair:5)
  A centaur skeleton (D:5)
  A leopard gecko (D:4)
  An orc (Orc:2)
  56 fungi
  29 plants
90 creatures vanquished.

Grand Total: 1156 creatures vanquished

Notes
Turn   | Place    | Note
-------+----------+-------------------------------------------
     0 | D:1      | SnubMonkey the Demonspawn Berserker began the quest for the Orb.
     0 | D:1      | Reached XP level 1. HP: 18/18 MP: 1/1
   144 | D:1      | Reached skill level 3 in Long Blades
   442 | D:1      | Gained mutation: You are partially covered in sharp spines. [demonic ancestry]
   442 | D:1      | Reached XP level 2. HP: 9/24 MP: 2/2
  1301 | D:2      | Gained mutation: When seriously injured, your bleeding wounds create armour. (AC +12) [demonic ancestry]
  1301 | D:2      | Reached XP level 3. HP: 27/29 MP: 3/3
  1403 | D:2      | Reached skill level 4 in Long Blades
  2363 | D:3      | Reached XP level 4. HP: 35/35 MP: 4/4
  2373 | D:3      | Reached ** piety under Trog
  2373 | D:3      | Reached skill level 5 in Long Blades
  2379 | D:3      | Gained mutation: You have sharp toenails. [demonic ancestry]
  2379 | D:3      | Reached XP level 5. HP: 5/41 MP: 5/5
  2380 | D:3      | HP: 3/61 [poisoned by a kobold]
  2383 | D:3      | HP: 1/41 [poisoned by a kobold]
  3313 | D:3      | Reached skill level 6 in Long Blades
  3697 | D:4      | Noticed a phantom
  3741 | D:4      | Killed a phantom
  3741 | D:4      | Gained mutation: You have razor-sharp toenails. [demonic ancestry]
  3741 | D:4      | Reached XP level 6. HP: 45/47 MP: 6/6
  3974 | D:4      | Gained mutation: You have claws for feet. [demonic ancestry]
  3974 | D:4      | Reached XP level 7. HP: 53/53 MP: 7/7
  4086 | D:4      | Reached skill level 7 in Long Blades
  4275 | D:4      | Found a staircase to the Ecumenical Temple.
  4289 | D:4      | Gained mutation: You are robust. (+10% HP) [potion of mutation]
  4289 | D:4      | Gained mutation: Your magical capacity is low. (-10% MP) [potion of mutation]
  4289 | D:4      | Gained mutation: Your flesh is heat resistant. (rF+) [potion of mutation]
  4336 | D:5      | Entered Level 5 of the Dungeon
  4574 | D:5      | Noticed Pikel
  4582 | D:5      | Killed Pikel
  4582 | D:5      | Reached skill level 5 in Fighting
  4582 | D:5      | Reached skill level 8 in Long Blades
  4582 | D:5      | Gained mutation: When seriously injured, your bleeding wounds create thick armour. (AC +12) [demonic ancestry]
  4582 | D:5      | Reached XP level 8. HP: 69/69 MP: 7/7
  5477 | D:6      | Reached *** piety under Trog
  5501 | D:6      | Reached skill level 9 in Long Blades
  5737 | D:6      | Noticed SpeedyPerson7's ghost (novice DDFi)
  5780 | D:6      | Killed SpeedyPerson7's ghost
  5780 | D:6      | Reached skill level 10 in Long Blades
  5780 | D:6      | Gained mutation: You are mostly covered in sharp spines. [demonic ancestry]
  5780 | D:6      | Reached XP level 9. HP: 78/78 MP: 8/8
  6149 | D:6      | Found a deep blue altar of Sif Muna.
  6659 | D:7      | Reached **** piety under Trog
  7168 | D:8      | Noticed Psyche
  7174 | D:8      | Noticed a two-headed ogre
  7181 | D:8      | Killed a two-headed ogre
  7181 | D:8      | Reached skill level 11 in Long Blades
  7194 | D:8      | Reached XP level 10. HP: 72/88 MP: 9/9
  7317 | D:8      | Killed Psyche
  7532 | D:8      | Noticed Erica
  7538 | D:8      | Killed Erica
  7696 | D:8      | Killed an unseen horror
  8004 | D:9      | Reached skill level 5 in Armour
  8110 | D:9      | Reached skill level 12 in Long Blades
  8175 | D:9      | Found a runed door.
  8177 | D:9      | Noticed a two-headed ogre
  8188 | D:9      | Killed a two-headed ogre
  8188 | D:9      | Reached ***** piety under Trog
  8364 | D:9      | Found a runed door.
  8388 | D:9      | Reached XP level 11. HP: 68/97 MP: 9/9
  8752 | D:9      | Found a staircase to the Lair.
  9046 | D:9      | Found a runed door.
  9062 | D:9      | Found a runed door.
  9097 | D:9      | Noticed an obsidian statue
  9112 | D:9      | Killed an obsidian statue
  9382 | D:10     | Entered Level 10 of the Dungeon
  9604 | D:10     | Received a gift from Trog
  9621 | D:10     | Noticed a two-headed ogre
  9626 | D:10     | Killed a two-headed ogre
  9626 | D:10     | Reached skill level 13 in Long Blades
  9741 | D:10     | Found a sacrificial altar of Ru.
  9843 | D:10     | Noticed a four-headed hydra
  9848 | D:10     | Killed a one-headed hydra
  9848 | D:10     | Reached skill level 10 in Fighting
  9893 | D:10     | Noticed a deep elf mage
  9902 | D:10     | Killed a deep elf mage
 10033 | D:10     | Identified the Papyrus of Aerial Contamination
 10260 | D:10     | Got a scorched zirconium amulet
 10356 | D:10     | Identified the amulet "Xiadoitt" {+Rage rElec rC- MP+9 Int+7} (You took it off a centaur on level 10 of the Dungeon)
 10362 | D:10     | Identified a scroll of acquirement
 10523 | D:11     | Found a labyrinth entrance.
 10544 | D:11     | Gained mutation: You sometimes gain a little power by taking damage. [demonic ancestry]
 10544 | D:11     | Reached XP level 12. HP: 85/106 MP: 10/10
 10576 | Lab      | Entered a labyrinth
 10650 | Lab      | Noticed a minotaur
 10659 | Lab      | Killed a minotaur
 10752 | D:11     | Found a large runed door.
 10752 | D:11     | Found a large runed door.
 10801 | D:11     | Got a vibrating steel ring
 10942 | D:11     | Found a large runed door.
 10942 | D:11     | Found a large runed door.
 10956 | D:11     | Noticed Nergalle
 10971 | D:11     | Killed Nergalle
 11360 | D:11     | Noticed Fannar
 11376 | D:11     | Killed Fannar
 11436 | D:11     | Reached skill level 14 in Long Blades
 11580 | D:11     | Found a staircase to the Orcish Mines.
 11768 | D:11     | Reached skill level 5 in Dodging
 11772 | D:11     | Got a scorched platinum ring
 11906 | D:9      | Identified the ring of Biucvec {Fire rElec rPois MR+} (You found it on level 11 of the Dungeon)
 11910 | D:9      | Identified the ring of Cearue {rElec rC+ EV+2 Str+4} (You found it on level 11 of the Dungeon)
 11928 | Lair:1   | Entered Level 1 of the Lair of Beasts
 12629 | Lair:1   | Received a gift from Trog
 14281 | Lair:3   | Noticed a six-headed hydra
 14288 | Lair:3   | Noticed a five-headed hydra
 14290 | Lair:3   | Killed a two-headed hydra
 14295 | Lair:3   | Killed a one-headed hydra
 14295 | Lair:3   | Gained mutation: You are completely covered in sharp spines. [demonic ancestry]
 14295 | Lair:3   | Reached XP level 13. HP: 71/116 MP: 11/11
 14813 | Lair:3   | Found a hole to the Spider Nest.
 15084 | Lair:3   | Got a steaming buckler
 15090 | Lair:3   | Identified the +2 buckler of Buzeetuth {*Slow rElec MP+9} (You found it on level 3 of the Lair of Beasts)
 15574 | Lair:3   | Found a staircase to the Swamp.
 16269 | Lair:4   | Received a gift from Trog
 17217 | Lair:5   | Found a staircase to the Slime Pits.
 17268 | Lair:5   | Noticed Kirke
 17429 | Lair:5   | Killed Kirke
 17965 | Lair:5   | Gained mutation: When seriously injured, your bleeding wounds create very thick armour. (AC +12) [demonic ancestry]
 17965 | Lair:5   | Reached XP level 14. HP: 113/127 MP: 12/12
 18306 | Lair:6   | Entered Level 6 of the Lair of Beasts
 18313 | Lair:6   | Reached skill level 15 in Long Blades
 18313 | Lair:6   | Reached skill level 10 in Armour
 19156 | Lair:6   | Reached ****** piety under Trog
 19893 | Lair:6   | Received a gift from Trog
 21430 | D:12     | Received a gift from Trog
 21564 | D:12     | Found a hide-covered altar of Uskayaw.
 22050 | D:13     | Noticed Snorg
 22065 | D:13     | Killed Snorg
 22901 | D:13     | Received a gift from Trog
 22911 | D:13     | Reached XP level 15. HP: 123/136 MP: 4/13
 23212 | D:13     | Noticed Erolcha
 23221 | D:13     | Killed Erolcha
 23561 | D:14     | Found a shadowy altar of Dithmenos.
 23753 | D:14     | Reached skill level 16 in Long Blades
 24926 | D:14     | Received a gift from Trog
 25025 | D:14     | Found a gate to the Vaults.
 25226 | D:14     | Received a gift from Trog
 25235 | D:14     | Reached skill level 10 in Dodging
 25239 | D:14     | Got an encrusted great sword {god gift}
 25390 | D:14     | Identified the +7 great sword of the Owl {flame, +Inv rN+ Dex+3} (Trog gifted it to you on level 14 of the Dungeon)
 25414 | D:15     | Entered Level 15 of the Dungeon
 25942 | D:15     | Noticed Josephine
 25964 | D:15     | Killed Josephine
 26227 | D:15     | Got a wavering ruby amulet
 26551 | D:15     | Found Hulorchuh's Elemental Accessories.
 26734 | D:15     | Reached skill level 17 in Long Blades
 26906 | D:15     | Found a staircase to the Depths.
 26929 | D:15     | Identified the amulet "Lorhob" {+Rage Str+2} (You found it on level 15 of the Dungeon)
 27163 | Orc:1    | Entered Level 1 of the Orcish Mines
 27170 | Orc:1    | Received a gift from Trog
 27629 | Orc:2    | Entered Level 2 of the Orcish Mines
 27815 | Orc:2    | Found Utoir's Antique Armour Shop.
 27839 | Orc:2    | Found Vusmuh's Antique Weapon Boutique.
 27980 | Orc:2    | Found a flickering gateway to a bazaar.
 28000 | Bazaar   | Entered a bazaar
 28136 | Bazaar   | Found Arolur's Armour Shoppe.
 28158 | Bazaar   | Found Juogam's Magic Scroll Shop.
 28192 | Bazaar   | Found Cohadgh's Food Shoppe.
 28225 | Bazaar   | Bought a scarf of resistance for 384 gold pieces
 28248 | Bazaar   | Bought a scroll of teleportation for 42 gold pieces
 28248 | Bazaar   | Bought a scroll of enchant weapon for 105 gold pieces
 28248 | Bazaar   | Bought a scroll of acquirement for 728 gold pieces
 28528 | Orc:2    | Found a staircase to the Elven Halls.
 28630 | Orc:2    | Found Rosamn's Jewellery Emporium.
 28803 | Orc:2    | Noticed an orc warlord
 28839 | Orc:2    | Killed an orc warlord
 28921 | Orc:2    | Found a roughly hewn altar of Beogh.
 29055 | Orc:2    | Found Henn's General Store.
 29077 | Orc:2    | Received a gift from Trog
 29433 | Orc:1    | Reached XP level 16. HP: 127/145 MP: 4/14
 29577 | Orc:1    | Noticed Maurice
 29582 | Orc:1    | Killed Maurice
 29904 | Orc:1    | Found Kumen's Armour Boutique.
 30069 | Orc:1    | Upgraded the game from 0.22-a0-136-g83a10e5 to 0.22-a0-142-g91cc6d7
 30287 | Swamp:1  | Entered Level 1 of the Swamp
 30450 | Swamp:1  | Reached skill level 18 in Long Blades
 30660 | Swamp:1  | Noticed sankara's ghost (adept HOFi)
 30675 | Swamp:1  | Killed sankara's ghost
 30701 | Swamp:1  | Got a translucent scimitar
 30711 | Swamp:1  | Identified the cursed +0 scimitar "Isust" {drain, Fragile rC+ MR+} (You found it on level 1 of the Swamp)
 31366 | Swamp:2  | Noticed a thorn hunter
 31484 | Swamp:2  | Killed a thorn hunter
 32083 | Swamp:2  | Received a gift from Trog
 32144 | Swamp:2  | Reached skill level 19 in Long Blades
 32764 | Swamp:3  | Noticed a thorn hunter
 32773 | Swamp:3  | Killed a thorn hunter
 33202 | Swamp:3  | Noticed a thorn hunter
 33237 | Swamp:3  | Found a hazy altar of Hepliaklqana.
 33274 | Swamp:3  | Killed a thorn hunter
 33408 | Swamp:3  | Noticed Jorgrun
 33731 | Swamp:3  | Noticed Mara
 34017 | Spider:1 | Entered Level 1 of the Spider Nest
 34017 | Spider:1 | Noticed Aizul
 34022 | Spider:1 | Killed Aizul
 34112 | Spider:1 | Received a gift from Trog
 34181 | Spider:1 | Reached XP level 17. HP: 151/151 MP: 0/15
 34392 | Spider:1 | Reached skill level 20 in Long Blades
 36615 | Spider:2 | Cast into level 3 of the Abyss (a Zot trap)
 36631 | Spider:2 | Escaped the Abyss
 37501 | Spider:3 | Received a gift from Trog
 38640 | Spider:4 | Entered Level 4 of the Spider Nest
 39422 | Spider:4 | Received a gift from Trog
 40204 | Spider:4 | Blown up by an orb spider

Vault maps used:
D:1:      minmay_arrival_shattered_statue, minivault_5, minmay_tromino_v2
D:3:      first_ration
D:4:      lemuel_temple_firewalk_b, kennysheep_generic_room_14
D:5:      grunt_ministairs_9, serial_bayou_lagoon_a, minmay_misc_feat_square,
          minmay_bent, uniq_pikel
D:6:      lemuel_coloured_pillars_altar
D:7:      the_bakery
D:8:      uniq_erica, uniq_psyche
D:9:      due_lair_maze_entry_diamond, minmay_statue_crystal_thing
D:10:     minmay_tri_box, hangedman_ru_absence
D:11:     orc_0_dummy, lab_entry_generic, nrook_mini_vaults,
          minmay_hollow_rounded_squares, uniq_nergalle, uniq_fannar
D:12:     basic_altar, minivault_12
D:13:     serial_ice, serial_ice_k, serial_ice_d, serial_ice_b, serial_ice_e,
          uniq_snorg, uniq_erolcha
D:14:     hangedman_vaults_entry_quadrant_bands, grunt_dithmenos_smoke
D:15:     grunt_enter_depths_hoard, special_room, serial_glass, glass_columns_a,
          glass_columns_b, minmay_misc_feat_alley, nicolae_elemental_shop,
          uniq_josephine
Lair:2:   minmay_holes
Lair:3:   minmay_swamp_entry_worms, spider_nest_entry_rubble,
          cheibrodos_lair_lostbears
Lair:5:   minmay_slime_entry_jelly_boxes, grunt_forest_large_clearings,
          uniq_kirke
Lair:6:   due_jungle_book
Swamp:1:  evilmike_swamp_ruin_house_1
Swamp:2:  wheals_swamp_sinkhole
Swamp:3:  basic_altar, swamp_pool5, uniq_mara, uniq_donald, uniq_roxanne,
          uniq_jorgrun
Spider:1: uniq_aizul
Spider:2: nicolae_spider_circle_web
Spider:4: johnstein_spider_rune_arachne_lair
Orc:1:    cheibrodos_orc_guarddog, serial_shops,
          nicolae_shop_temple_entry_statues_fountains, uniq_maurice
Orc:2:    grunt_orc_gardens, grunt_orc_garden, grunt_orc_garden,
          grunt_orc_garden, grunt_orc_garden, serial_shops, bzr_entry_gold,
          mines2_david
Lab:      nicolae_lab_dead_adventurers, labyrinth_glass_1, nicolae_lab_stuck,
          nicolae_lab_big_swirl, nicolae_lab_blocks, nicolae_lab_arrow,
          nicolae_lab_checkerboard, nicolae_lab_x, nicolae_lab_t_cross,
          labyrinth_skeletal_remains, nicolae_lab_starburst,
          nicolae_lab_flowing_pool, nicolae_lab_very_dead_end,
          nicolae_lab_statue
Bazaar:   bazaar_kenran_forest_clearing

Skill      XL: |  1  2  3  4  5  6  7  8  9 10 11 12 13 14 15 16 17 |
---------------+----------------------------------------------------+-----
Long Blades    | 3 4 5 6 8 10 11 12 13 14 15 17 19 20 | 20.6
Fighting       | 5 6 7 9 10 11 12 13 14 | 14.4
Armour         | 3 5 7 8 9 11 12 | 12.1
Dodging        | 3 6 8 9 10 | 10.8

Action                   |  1- 3 |  4- 6 |  7- 9 | 10-12 | 13-15 | 16-18 || total
-------------------------+-------+-------+-------+-------+-------+-------++-------
Melee: Falchion          |    22 |       |       |       |       |       ||    22
       Long sword        |    49 |    94 |   206 |    45 |       |       ||   394
       Kick              |       |    29 |    80 |   216 |   622 |   272 ||  1219
       Scimitar          |       |       |       |   463 |   517 |       ||   980
       Demon blade       |       |       |       |       |   750 |    49 ||   799
       Great sword       |       |       |       |       |       |   591 ||   591
Throw: Javelin           |       |       |       |       |       |     4 ||     4
Invok: Berserk           |     2 |     4 |     4 |     7 |    13 |    10 ||    40
       Trog's Hand       |       |     1 |       |     3 |     1 |       ||     5
       Brothers in Arms  |       |       |     1 |       |       |     1 ||     2
Evoke: Wand              |       |       |       |     2 |       |       ||     2
  Use: Scroll            |     1 |     2 |     5 |    17 |     6 |     8 ||    39
       Potion            |       |     2 |     2 |     4 |       |     3 ||    11
 Stab: Sleeping          |     2 |       |       |       |       |       ||     2
  Eat: Chunk             |     6 |     8 |    11 |    38 |    59 |    42 ||   164
       Ration            |       |       |     1 |     3 |       |       ||     4
Armor: Animal skin       |     8 |       |       |       |       |       ||     8
       Chain mail        |     5 |    33 |   114 |    88 |       |       ||   240
       Plate armour      |       |       |       |   188 |    95 |       ||   283
       Ice dragon scales |       |       |       |       |   427 |   329 ||   756
Dodge: Dodged            |    48 |    27 |    72 |   176 |   728 |   463 ||  1514
       Rpst.: Falchion   |     9 |       |       |       |       |       ||     9
       Long sword        |     5 |    14 |    18 |     6 |       |       ||    43
       Scimitar          |       |       |       |    43 |    79 |       ||   122
       Demon blade       |       |       |       |       |    97 |     7 ||   104
       Great sword       |       |       |       |       |       |    78 ||    78

Table legend:
 A = Spawn XP
 B = Non-spawn XP
 C = Spawn XP percentage of total XP
 D = Spawn monster count
 E = Non-spawn monster count
 F = Spawn count percentage of total count
 G = Total turns spent on level
                    A         B        C        D         E        F      G
               +---------+---------+-------+---------+---------+-------+---------
         Total |       0 |  272283 |   0.0 |       0 |    1064 |   0.0 | 40204
               +---------+---------+-------+---------+---------+-------+---------
           D:1 |       0 |      38 |   0.0 |       0 |      13 |   0.0 |  1268
           D:2 |       0 |      47 |   0.0 |       0 |      13 |   0.0 |   934
           D:3 |       0 |     250 |   0.0 |       0 |      23 |   0.0 |  1289
           D:4 |       0 |     488 |   0.0 |       0 |      16 |   0.0 |  1098
           D:5 |       0 |    1071 |   0.0 |       0 |      16 |   0.0 |   848
           D:6 |       0 |    1439 |   0.0 |       0 |      24 |   0.0 |   873
           D:7 |       0 |     932 |   0.0 |       0 |      39 |   0.0 |   808
           D:8 |       0 |    4297 |   0.0 |       0 |      34 |   0.0 |  1046
           D:9 |       0 |    5474 |   0.0 |       0 |      39 |   0.0 |  1481
          D:10 |       0 |    6272 |   0.0 |       0 |      34 |   0.0 |  1175
          D:11 |       0 |    7744 |   0.0 |       0 |      39 |   0.0 |  1306
          D:12 |       0 |    4836 |   0.0 |       0 |      27 |   0.0 |  1042
          D:13 |       0 |   13086 |   0.0 |       0 |      61 |   0.0 |  1530
          D:14 |       0 |   16347 |   0.0 |       0 |      57 |   0.0 |  1940
          D:15 |       0 |   16443 |   0.0 |       0 |      51 |   0.0 |  1535
        Lair:1 |       0 |    2090 |   0.0 |       0 |      10 |   0.0 |  1057
        Lair:2 |       0 |    1475 |   0.0 |       0 |      11 |   0.0 |  1109
        Lair:3 |       0 |    6439 |   0.0 |       0 |      25 |   0.0 |  1719
        Lair:4 |       0 |   10000 |   0.0 |       0 |      36 |   0.0 |  1434
        Lair:5 |       0 |   15347 |   0.0 |       0 |      74 |   0.0 |  1265
        Lair:6 |       0 |   22760 |   0.0 |       0 |      43 |   0.0 |  2485
       Swamp:1 |       0 |   10190 |   0.0 |       0 |      25 |   0.0 |  1172
       Swamp:2 |       0 |   21349 |   0.0 |       0 |      44 |   0.0 |  2195
       Swamp:3 |       0 |   15723 |   0.0 |       0 |      25 |   0.0 |   321
      Spider:1 |       0 |   21035 |   0.0 |       0 |      46 |   0.0 |  2170
      Spider:2 |       0 |   10511 |   0.0 |       0 |      30 |   0.0 |   776
      Spider:3 |       0 |   15542 |   0.0 |       0 |      47 |   0.0 |  1661
      Spider:4 |       0 |   21373 |   0.0 |       0 |      52 |   0.0 |  1564
         Orc:1 |       0 |    6683 |   0.0 |       0 |      59 |   0.0 |  1372
         Orc:2 |       0 |   11656 |   0.0 |       0 |      48 |   0.0 |  1323
           Lab |       0 |    1346 |   0.0 |       0 |       3 |   0.0 |   134
               +---------+---------+-------+---------+---------+-------+---------
